 Dungeon Crawl Stone Soup version 0.30-a0-634-g8abc85282e (webtiles) character file.

Game seed: 13907049807565019113

440 Dartaoz the Firebug (level 6, -1/45 HPs)
             Began as a Draconian Fire Elementalist on Jan 14, 2023.
             Was an Initiate of Sif Muna.
             Slain by a troll (2 damage)
             ... on level 6 of the Dungeon.
             The game lasted 00:08:28 (4571 turns).

Dartaoz the Firebug (Draconian Fire Elementalist)   Turns: 4571, Time: 00:08:29

Health: -1/45      AC:  9    Str: 11    XL:     6   Next: 70%
Magic:  1/9        EV: 12    Int: 17    God:    Sif Muna [......]
Gold:   249        SH:  0    Dex: 11    Spells: 6/9 levels left

rFire   . . .      SeeInvis .    g - +0 dagger
rCold   . . .      Faith    .    (no shield)
rNeg    . . .      Spirit   .    (body armour unavailable)
rPois   .          Reflect  .    h - +0 hat {Will+}
rElec   .          Harm     .    p - +0 cloak
rCorr   .          Rampage  .    o - +0 pair of gloves
Will    +....                    b - +0 pair of boots
Stlth   ++                       (no amulet)
HPRegen 0.27/turn                (no ring)
MPRegen 0.11/turn                (no ring)

@: no status effects
A: AC +6, unfitting armour, cold-blooded
a: Renounce Religion


You were on level 6 of the Dungeon.
You worshipped Sif Muna.
Sif Muna was noncommittal.
You visited 2 branches of the dungeon, and saw 7 of its levels.

You collected 249 gold pieces.

Inventory:

Hand Weapons
 g - a +0 dagger (weapon)
Armour
 b - a +0 pair of boots (worn)
 h - a +0 hat of willpower (worn)
 o - a +0 pair of gloves (worn)
 p - a +0 cloak (worn)
Wands
 k - a wand of quicksilver (11)
Scrolls
 e - 2 scrolls of magic mapping {unknown}
 f - a scroll of acquirement {unknown}
 i - 4 scrolls of noise {unknown}
 l - 3 scrolls of identify {unknown}
 m - a scroll of blinking {unknown}
 q - a scroll of teleportation {unknown}
 s - a scroll of fog {unknown}
Potions
 a - a potion of magic
 c - a potion of lignification {unknown}
 d - 3 potions of attraction {unknown}
 j - a potion of curing {unknown}
 n - a potion of flight {unknown}
 r - a potion of haste {unknown}
 t - a potion of berserk rage {unknown}


   Skills:
 - Level 1.7 Dodging
 - Level 1.7 Stealth
 - Level 2.0 Spellcasting
 + Level 4.9 Conjurations
 + Level 5.8 Fire Magic


You had 6 spell levels left.
You knew the following spells:

 Your Spells              Type           Power      Damage    Failure   Level
a - Foxfire               Conj/Fire      80%        2x1d8     2%          1
b - Scorch                Fire           42%        2d7       2%          2

Your spell library contained the following spells:

 Spells                   Type           Power      Damage    Failure   Level
 Inner Flame              Hex/Fire       11%        N/A       19%         3
 Flame Wave               Conj/Fire      20%        2d7       22%         4
 Kindle Blastsparks       Fire/Tloc/Air  16%        2d11      26%         3


Dungeon Overview and Level Annotations

Branches:
Dungeon (7/15)             Temple (1/1) D:7

Altars:
Ashenzari
Cheibriados
Dithmenos
Fedhas
Gozag
Kikubaaqudgha
Nemelex Xobeh
Okawaru
Qazlal
Ru
Sif Muna
Trog
Uskayaw
Wu Jian
Xom
Yredelemnul
Zin
The Shining One

Shops:
D:4 ?   D:7 [

Annotations:
D:6 Pikel


Innate Abilities, Weirdness & Mutations

Your plain brown scales are hard. (AC +6)
You cannot fit into any form of body armour.
You are cold-blooded and may be slowed by cold attacks.


Message History

Sif Muna accepts your kill.
HP restored.
Magic restored.
A troll comes into view.
The troll shouts!
You hear a shout!
A lemure comes into view.
Casting: Scorch (safe; 2% risk of failure)
Confirm with . or Enter, or press ? or * to list all spells.
You can't see any susceptible monsters within range! (Use Z to cast anyway.)
Casting: Scorch (safe; 2% risk of failure)
Confirm with . or Enter, or press ? or * to list all spells.
Flames lash the troll.
The troll is lightly wounded.
The troll's fire resistance burns away.
You hear a shout! x4
A lemure comes into view. x2
Casting: Scorch (safe; 2% risk of failure)
Confirm with . or Enter, or press ? or * to list all spells.
Flames lash the troll.
The troll is burned terribly!
The troll is moderately wounded.
The lemure shouts!
A lemure comes into view.
Casting: Scorch (safe; 2% risk of failure)
Confirm with . or Enter, or press ? or * to list all spells.
Flames lash the troll.
The troll is burned terribly!
The troll is severely wounded.
The troll bites you but does no damage. The troll claws you!
The troll claws you.
Casting: Scorch (safe; 2% risk of failure)
Confirm with . or Enter, or press ? or * to list all spells.
Flames lash the lemure.
The lemure is moderately wounded.
The lemure's fire resistance burns away.
The troll bites you! The troll claws you!
* * * LOW HITPOINT WARNING * * *
The troll claws you but does no damage. The troll attacks as you move away!
The troll bites you!
* * * LOW HITPOINT WARNING * * *
The troll claws you.
You die...

### # #
##.#####.#.5..
.######
#.#..@T.55.K#
.v§§§§.
##.#####5#....
K###### #.# #
# ##### #.#
#.... #.#
#..## #.#
#..## #.###
##########....
#.#.##
#.......##...#
#..#.#
#.......##...#


You could see Pikel, a troll (combustible) and 4 lemures.

Vanquished Creatures
  2 black bears
  A bullfrog (D:6)
  A jelly (D:4)
  An orc wizard (D:6)
  7 adders
  2 worms
  3 dart slugs
  5 orcs (D:3)
  5 endoplasms
  3 giant cockroaches
  9 goblins
  7 hobgoblins
  6 kobolds
  2 quokkas
  3 ball pythons
  4 bats
  3 frilled lizards
  6 rats
70 creatures vanquished.

Vanquished Creatures (others)
  26 foxfires
26 creatures vanquished.

Grand Total: 96 creatures vanquished

Notes
Turn   | Place    | Note
-------+----------+-------------------------------------------
     0 | D:1      | Dartaoz the Draconian Fire Elementalist began the quest for
                  | the Orb.
     0 | D:1      | Reached XP level 1. HP: 14/14 MP: 3/3
   265 | D:1      | Reached XP level 2. HP: 20/20 MP: 0/5
   268 | D:1      | Learned a level 2 spell: Scorch
  1639 | D:2      | Reached XP level 3. HP: 26/26 MP: 3/6
  1722 | D:2      | Found a shimmering altar of Xom.
  2164 | D:2      | Reached skill level 4 in Fire Magic
  2308 | D:2      | Reached XP level 4. HP: 33/33 MP: 0/7
  3803 | D:4      | Reached XP level 5. HP: 27/38 MP: 0/8
  4059 | D:4      | Found Usaxzeih's Magic Scroll Shoppe.
  4061 | D:4      | You fall into a shaft and drop 3 floors!
  4061 | D:7      | Found a staircase to the Ecumenical Temple.
  4066 | Temple   | Entered the Ecumenical Temple
  4180 | Temple   | Became a worshipper of Sif Muna the Loreminder
  4240 | D:7      | Found Cheibriados's Comfort Zone.
  4240 | D:7      | Found a snail-covered altar of Cheibriados.
  4241 | D:7      | Noticed a black bear
  4245 | D:7      | Killed a black bear
  4246 | D:7      | Reached skill level 5 in Fire Magic
  4246 | D:7      | Reached XP level 6. HP: 45/45 MP: 2/9
  4380 | D:6      | Noticed Pikel
  4563 | D:6      | Noticed a troll
  4571 | D:6      | HP: 1/45 [troll (8)]
  4571 | D:6      | Slain by a troll

Illustrated notes

Levels and vault maps discovered:
D:1:      sevenhm_arrival_forest_fort_small_4, layout_basic,
          corexii_hall_statues_s
D:2:      layout_loops_ring, basic_altar, st_stairs_1
D:3:      layout_basic
D:4:      layout_rooms, serial_shops, nicolae_shop_advertising_works
          [nicolae_subvault_shop_adworks], st_stairs_12, amethyst_killhole,
          kennysheep_another_room
D:6:      minmay_flawed_box, layout_loops_cross, st_stairs_8,
          minmay_misc_feat_secret_circle, uniq_blork_the_orc, uniq_pikel,
          uniq_crazy_yiuf_cottage, uniq_sigmund
D:7:      layout_basic, minmay_temple_entry_crystal_x, enter_ossuary_4,
          kennysheep_small_spiral, minmay_shop_chei
Temple:   kb_temple_of_zot

Skill      XL: |  1  2  3  4  5 |
---------------+----------------+-----
Conjurations   | 2 3 4 |  4.9
Fire Magic     | 4 5 |  5.8
Dodging        | |  1.7
Stealth        | |  1.7
Spellcasting   | |  2.0

Action                   |  1- 3 |  4- 6 || total
-------------------------+-------+-------++-------
Melee: Unarmed           |    27 |       ||    27
       Tailslap          |     4 |     9 ||    13
       Dagger            |    32 |    48 ||    80
 Cast: Foxfire           |    13 |     5 ||    18
       Scorch            |    36 |    45 ||    81
Armor: Skin              |    29 |    24 ||    53
Dodge: Dodged            |    45 |    44 ||    89

Table legend: (Time is in decaauts)
 A = Elapsed time spent in this place.
 B = Non-inter-level travel time spent in this place.
 C = Inter-level travel time spent in this place.
 D = Time resting spent in this place.
 E = Time spent auto-exploring this place.
 F = Levels seen in this place.
 G = Mean time per level.
                   A        B        C        D        E       F      G
               +--------+--------+--------+--------+--------+-----+--------+
         Total |   4569 |   4514 |     55 |      0 |   3939 |   7 |  652.7 |
       Dungeon |   4448 |   4393 |     55 |      0 |   3847 |   6 |  741.3 |
        Temple |    120 |    120 |      0 |      0 |     92 |   1 |  120.0 |
               +--------+--------+--------+--------+--------+-----+--------+

Top non-repeatable levels by time:
     D:1: 1368 daAuts
     D:2: 1164 daAuts
     D:3: 1137 daAuts
     D:4: 388 daAuts
     D:6: 224 daAuts
     D:7: 164 daAuts
  Temple: 120 daAuts
